 Dungeon Crawl Stone Soup version 0.19.0-24-gb05acd6 (webtiles) character file.

235 Ladykiller69 the Shield-Bearer (level 6, -1/49 HPs)
             Began as a Formicid Fighter on Nov 20, 2016.
             Slain by R18's ghost (3 damage)
             ... on level 4 of the Dungeon.
             The game lasted 00:05:06 (2811 turns).

Ladykiller69 the Shield-Bearer (Formicid Fighter)   Turns: 2811, Time: 00:05:06

Health: -1/49      AC: 10    Str: 20    XL:     6   Next: 26%
Magic:  6/6        EV:  8    Int: 10    God:
Gold:   179        SH:  9    Dex: 10    Spells: 0 memorised, 5 levels left

rFire  . . .     SeeInvis +     a - +0 war axe
rCold  . . .     Gourm    .     b - +0 scale mail
rNeg   . . .     Faith    .     c - +0 shield
rPois  .         Spirit   .     (helmet unavailable)
rElec  .         Reflect  .     w - +2 cloak
rCorr  .         Harm     .     (no gloves)
MR     .....                    (no boots)
Stlth  ..........               (no amulet)
                                (no ring)
                                (no ring)

@: no status effects
A: permanent stasis, dig shafts and tunnels, four strong arms, antennae 3
a: Dig, Shaft Self


You were on level 4 of the Dungeon.
You were not hungry.

You visited 1 branch of the dungeon, and saw 4 of its levels.

You collected 179 gold pieces.

Inventory:

Hand Weapons
 a - a +0 war axe (weapon)
Missiles
 e - 71 stones (quivered)
 j - 2 throwing nets
Armour
 b - a +0 scale mail (worn)
 c - a +0 shield (worn)
 w - a +2 cloak (worn)
Jewellery
 h - a cursed ring of teleportation {unknown}
Scrolls
 g - 4 scrolls of enchant armour {unknown}
 i - a scroll of fear {unknown}
 l - a scroll of random uselessness {unknown}
 o - 6 scrolls of identify {unknown}
 p - a scroll of remove curse {unknown}
 q - a scroll of blinking {unknown}
 s - 2 scrolls of enchant weapon {unknown}
 y - a scroll of recharging {unknown}
Potions
 d - a potion of might
 k - 2 potions of cancellation {unknown}
 m - a potion of berserk rage {unknown}
 r - a potion of haste {unknown}
 u - 2 potions of brilliance {unknown}
 v - a potion of flight {unknown}
Comestibles
 f - 3 bread rations
 n - 2 meat rations
 t - a slice of pizza
 x - 2 chunks of flesh
 z - 3 fruits


   Skills:
 + Level 4.3 Fighting
 * Level 4.2 Axes
 - Level 4.0 Armour
 + Level 4.9 Shields


You had 5 spell levels left.
You didn't know any spells.

Dungeon Overview and Level Annotations

Branches:
Dungeon (4/15)
 Temple: D:4-7

Altars:
Elyvilon
Ru

Annotations:
D:4 R18's ghost, amateur MfMo


Innate Abilities, Weirdness & Mutations

You are under a permanent stasis effect.
You can dig through walls and to a lower floor.
Your four strong arms can wield two-handed weapons with a shield.
You have a pair of large antennae on your head. (SInv)


Message History

You completely miss R18's ghost.
R18's ghost is almost destroyed.
R18's ghost hits you.
* * * LOW HITPOINT WARNING * * *
You closely miss R18's ghost.
R18's ghost is almost destroyed.
You block R18's ghost's attack.
You miss R18's ghost.
R18's ghost is almost destroyed.
R18's ghost hits you but does no damage. x2
You miss R18's ghost.
R18's ghost is almost destroyed.
You block R18's ghost's attack.
You completely miss R18's ghost.
R18's ghost is almost destroyed.
R18's ghost hits you but does no damage.
You hit R18's ghost.
R18's ghost is almost destroyed.
You block R18's ghost's attack. R18's ghost hits you.
You die...

######.#
#......###
...##.....####
#.###.##.#
#.#......#
#.#.#.##.#####
#.#.##.......##
#.#....#...W..#
#......#####@.#
.............#
###.######...#
.. ....# ..
##.#.# #.#..
..!#.# #.. ..
### .#.


You could see R18's ghost.

Vanquished Creatures
  The ghost of dobroeutro the Conjurer, an amateur DrCj of Ashenzari (D:3)
  A worker ant (D:3)
  An adder (D:4)
  A gnoll (D:1)
  2 worms (D:3)
  2 dart slugs
  A leopard gecko (D:1)
  2 orcs (D:3)
  8 bats
  4 giant cockroaches
  6 goblins
  7 hobgoblins
  4 jackals (D:1)
  A quokka (D:2)
  2 frilled lizards (D:2)
  7 kobolds
  4 rats
54 creatures vanquished.

Notes
Turn   | Place    | Note
-------+----------+-------------------------------------------
     0 | D:1      | Ladykiller69 the Formicid Fighter began the quest for the Orb.
     0 | D:1      | Reached XP level 1. HP: 18/18 MP: 1/1
   266 | D:1      | Reached XP level 2. HP: 21/24 MP: 2/2
   408 | D:1      | Reached XP level 3. HP: 17/30 MP: 3/3
   955 | D:2      | Found a white marble altar of Elyvilon.
  1124 | D:2      | Reached XP level 4. HP: 32/37 MP: 4/4
  1394 | D:3      | Noticed dobroeutro's ghost (amateur DrCj)
  1671 | D:3      | Killed dobroeutro's ghost
  1671 | D:3      | Reached XP level 5. HP: 3/42 MP: 5/5
  2130 | D:3      | Reached XP level 6. HP: 44/49 MP: 6/6
  2431 | D:3      | Found a sacrificial altar of Ru.
  2572 | D:4      | Noticed R18's ghost (amateur MfMo)
  2580 | D:4      | Noticed an ogre
  2806 | D:4      | HP: 1/49 [R18's ghost (2)]
  2811 | D:4      | Slain by R18's ghost

Skill      XL: |  1  2  3  4  5  6 |
---------------+-------------------+-----
Shields        | 4 |  4.9
Axes           | 3 4 |  4.2
Fighting       | 4 |  4.3
Armour         | 4 |  4.0

Action                   |  1- 3 |  4- 6 || total
-------------------------+-------+-------++-------
Melee: War axe           |   135 |   149 ||   284
 Abil: Dig               |     1 |     1 ||     2
  Eat: Chunk             |     1 |     6 ||     7
Armor: Scale mail        |    66 |    58 ||   124
Dodge: Dodged            |    39 |    41 ||    80
Block: Shield            |    82 |    55 ||   137
